Unix NetHack Version 5.0.0-0 post-release - last build May  4 2026 22:22:43 (774f63e81ad911689b3a0859ea89b322d5daca8d,branch:main).

Game began 2026-05-08 20:43:52, ended 2026-05-08 21:24:45.

Drastanta, neutral male gnomish Wizard

                           +
                           r
                         ###
                         #
                        -.---
                        |.[.|
                        |.<^+
                        |...|
                        -----

Drastanta the Wererat     St:11 Dx:13 Co:17 In:14 Wi:11 Ch:8  Neutral
Dlvl:5  $:0  HP:0(10) Pw:27(27) AC:6  HD:2 T:1711  Starved  Deaf

Latest messages:
 You regain consciousness.
 You can hear again.
 You stop searching.
 You stop searching.
 You faint from lack of food.
 You regain consciousness.
 You stop searching.
 You faint from lack of food.
 You regain consciousness.
 You stop searching.
 You faint from lack of food.
 You regain consciousness.
 You can hear again.
 You stop searching.
 You stop searching.
 You faint from lack of food.
 You regain consciousness.
 You can hear again.
 You stop searching.
 You stop searching.
 You faint from lack of food.
 You regain consciousness.
 You stop searching.
 You faint from lack of food.
 You regain consciousness.
 You can hear again.
 You stop searching.
 You find a hidden door.
 You faint from lack of food.
 You regain consciousness.
 You faint from lack of food.
 You regain consciousness.
 You can hear again.
 You faint from lack of food.
 You regain consciousness.
 You stop searching.
 You faint from lack of food.
 You regain consciousness.
 You can hear again.
 You stop searching.
 You stop searching.
 You faint from lack of food.
 You regain consciousness.
 You can hear again.
 You stop searching.
 You faint from lack of food.
 You die from starvation.
 Do you want your possessions identified? [ynq] (y) y
 Do you want to see your attributes? [ynq] (y) y
 Do you want an account of creatures vanquished? [ynaq] (y) q

Inventory:
 Rings    ('=')
  d - an uncursed ring of regeneration (on right paw)
  e - an uncursed ring of teleport control (on left paw)

Drastanta the Wizard's attributes:

Background:
 You were in male wererat form.
 You were actually a Conjurer, a level 3 male gnomish Wizard.
 You were neutral, on a mission for Thoth
 who was opposed by Ptah (lawful) and Anhur (chaotic).
 You were normally right-handed.
 You were in the Dungeons of Doom, on level 5.
 You entered the dungeon 1711 turns ago.

Basics:
 You had 0 out of 10 hit points.
 You had all 27 energy points (spell power).
 You had 2 hit dice.
 Your armor class was 6.
 Your wallet was empty.
 Autopickup was off.

Final Characteristics:
 Your strength was 11.
 Your dexterity was 13.
 Your constitution was 17.
 Your intelligence was 14.
 Your wisdom was 11.
 Your charisma was 8.

Final Status:
 You were transformed.
 You were deaf.
 You were starved.
 You were unencumbered.
 You weren't wielding anything.
 You were unskilled in bare handed combat.
 You weren't wearing any armor.

Final Attributes:
 You had sinned.
 You were poison resistant.
 You were level-drain resistant.
 You were telepathic.
 You aggravated monsters.
 You had teleport control.
 You regenerated.
 You were a wererat in beast form.
 You were harmed by silver.
 You were very unlucky.
 You are dead.

Miscellaneous:
 You didn't encounter any bones levels.
 Total elapsed playing time was 40 minutes and 52 seconds.

Major events:
 Turn
    1: Drastanta the neutral male gnomish Wizard entered the dungeon
  396: found Sting on the floor
 1202: attained the rank of Conjurer (level 3)
 1711: died of starvation, while fainted

Spells:
 Name                 Level Category     Fail Retention
 force bolt             1   attack         0%  91%-100%
 chain lightning        2   attack         0%  91%-100%
 jumping                1   escape         0%  76%-100%

Skills:
 Fighting Skills
   bare handed combat [Unskilled]
   riding             [Unskilled]
 Weapon Skills
   dagger             [Unskilled]
   knife              [Unskilled]
   axe                [Unskilled]
   short sword        [Unskilled]
   club               [Unskilled]
   mace               [Unskilled]
   quarterstaff       [Basic]
   polearms           [Unskilled]
   spear              [Unskilled]
   trident            [Unskilled]
   sling              [Unskilled]
   dart               [Unskilled]
   shuriken           [Unskilled]
 Spellcasting Skills
   attack spells      [Basic]
   healing spells     [Unskilled]
   divination spells  [Unskilled]
   enchantment spells [Basic]
   clerical spells    [Unskilled]
   escape spells      [Unskilled]
   matter spells      [Unskilled]

Voluntary challenges:
 Character rerolling was not enabled.
 You never genocided any monsters.
 You never polymorphed an object.
 You used no wishes.
Achievement:
 You attained the rank of Conjurer.

 The Dungeons of Doom: levels 1 to 5
    Level 1:
    Level 2:
       An altar to Thoth, a sink.
    Level 3:
    Level 4:
       Some fountains.
    Level 5: <- You were here.
       Final resting place for
          you, died of starvation, while fainted.


Vanquished creatures:
  a floating eye
  a kitten
  2 rabid rats
  a wererat
 an iguana
 an acid blob
  a gas spore
  a hobbit
  a giant rat
  a gnome
  a gecko
  2 foxes
  a goblin
  2 sewer rats
  3 grid bugs
  a lichen
  a kobold zombie
  5 newts
27 creatures vanquished.

No species were genocided or became extinct.

Game over:
                       ----------
                      /          \
                     /    REST    \
                    /      IN      \
                   /     PEACE      \
                  /                  \
                  |    Drastanta     |
                  |       0 Au       |
                  |     died of      |
                  |    starvation    |
                  |                  |
                  |                  |
                  |       2026       |
                 *|     *  *  *      | *
        _________)/\\_//(\/(/\)/\//\/|_)_______

Goodbye Drastanta the Wizard...

You starved in The Dungeons of Doom on dungeon level 5 with 492 points,
and 0 pieces of gold, after 1711 moves.
You were level 3 with a maximum of 34 hit points when you starved.

